Map: Lightshade LE

Players

Hamish

  • Race: Terran Terran
  • League: Diamond
  • Spawn Location: 5:00

CholmesInk - Winner!

  • Race: Zerg Zerg
  • League: Diamond
  • Spawn Location: 11:00

VOD

Have the link to the VOD?

Description

Time

  • Played on: Jan. 21, 2021, 6:09 p.m.
  • Length: 12:32
Show
View Real Time Build Order
Export as new Build Order

Hamish Terran 

Build Orders: Liberator Opening, Reaper Expand 

Get SALT Encoding   

  12  0:00  SCV  
  13  0:12  SCV  
  14  0:17  Supply Depot  
  14  0:24  SCV  
  15  0:38  SCV  
  15  0:40  Barracks  
  16  0:43  Refinery  
  16  0:50  SCV  
  16  0:54  Refinery  
  17  1:02  SCV  
  18  1:14  SCV  
  19  1:29  Orbital Command  
  19  1:39  Reaper  
  20  1:56  Command Center  
  20  2:00  SCV  
  21  2:09  Factory  
  21  2:10  Marine  
  22  2:19  Supply Depot, SCV  
  23  2:29  Barracks Reactor  
  23  2:41  SCV  
  24  2:59  Starport  
  24  3:03  SCV  
  25  3:14  Barracks Tech Lab  
  25  3:17  Orbital Command, Hellion x2  
  29  3:22  Supply Depot  
  29  3:32  SCV  
  29  3:35  Marine  
  29  3:36  Liberator  
  37  3:41  Hellion x2  
  37  3:44  SCV  
  37  3:46  SCV  
  39  3:53  Supply Depot  
  43  4:02  SCV  
  43  4:03  Hellion x2, SCV  
  43  4:09  Supply Depot  
  44  4:15  SCV  
  45  4:18  Stimpack  
  45  4:19  SCV  
  46  4:25  Starport Reactor  
  46  4:27  SCV  
  47  4:34  Factory Tech Lab  
  47  4:35  SCV  
  48  4:43  SCV  
  48  4:44  Command Center  
  49  4:47  SCV  
  50  5:07  SCV x2  
  50  5:12  Siege Tank  
  50  5:13  Barracks  
  55  5:14  Barracks  
  55  5:19  Engineering Bay x2, Starport Reactor, SCV x2  
  55  5:21  Refinery  
  57  5:24  Refinery  
  57  5:29  Marine  
  57  5:31  SCV x2  
  57  5:43  SCV x2  
  57  5:46  Siege Tank  
  57  5:47  Marine, Terran Infantry Weapons Level 1  
  63  5:53  Terran Infantry Armor Level 1  
  63  5:55  SCV  
  63  5:56  SCV  
  65  6:00  Orbital Command  
  65  6:08  SCV x2  
  67  6:20  SCV x2  
  67  6:21  Marine x3, Siege Tank, Combat Shield  
  67  6:23  Medivac  
  67  6:24  Medivac  
  79  6:25  Marine x2  
  79  6:32  SCV  
  82  6:33  SCV x2  
  82  6:37  Supply Depot  
  84  6:40  Marine, Supply Depot  
  85  6:47  Armory  
  85  6:48  Orbital Command  
  85  6:59  Marine x4, SCV x2  
  91  7:11  Marine, SCV x2  
  91  7:12  Medivac x2  
  99  7:15  SCV  
  99  7:16  Marine  
  99  7:21  Marine, Supply Depot  
  101  7:23  Bunker  
  101  7:37  Barracks  
  101  7:40  Barracks  
  101  7:42  Marine x2  
  101  7:43  Siege Tank, SCV x2  
  108  7:47  Marine  
  109  7:53  Marine  
  109  8:04  Marine  
  109  8:05  Marine  
  109  8:14  Terran Infantry Weapons Level 2, Terran Infantry Armor Level 2  
  109  8:15  Supply Depot x2  
  109  8:24  Marine  
  109  8:29  Barracks Reactor x2  
  109  8:33  Supply Depot x2  
  109  8:36  Marine x3  
  109  8:37  Siege Tank, Medivac, Supply Depot  
  109  8:40  Reaper  
  118  8:41  Refinery  
  118  8:47  Barracks  
  118  8:48  Barracks, Marine  
  118  8:49  Barracks  
  118  8:54  Marine x2, Medivac  
  123  9:05  Marine  
  123  9:06  Marine x4  
  123  9:07  Medivac  
  130  9:12  Supply Depot  
  130  9:14  Missile Turret  
  120  9:17  Marine  
  111  9:31  Supply Depot  
  85  9:35  Marine x9  
  73  9:50  SCV x3  
  73  9:52  Missile Turret  
  75  9:53  Marine x6  
  75  9:57  Barracks Reactor x2, Barracks Tech Lab  
  81  10:02  SCV, Supply Depot  
  81  10:03  Missile Turret, SCV x2  
  84  10:11  Marine  
  84  10:12  Marine x8  
  93  10:14  SCV  
  93  10:15  SCV x2  
  93  10:20  Marine, Factory  
  97  10:21  Command Center  
  97  10:23  Factory Reactor  
  97  10:29  Marine x2  
  97  10:30  Marine x4  
  97  10:33  Marine x3  
  106  10:37  SCV x3  
  106  10:41  Marine x2  
  106  10:42  Marine, Medivac  
  114  10:44  Medivac  
  114  10:49  SCV x3  
  118  11:01  SCV  
  113  11:14  Marine x9, Supply Depot  
  113  11:15  Missile Turret, Marine x4  
  113  11:16  Missile Turret  
  113  11:17  Widow Mine  
  126  11:28  Missile Turret, Marine  
  126  11:32  Marine x2  
  128  11:56  Marine x14  
  116  12:02  Widow Mine x2  
  116  12:03  Widow Mine  
  102  12:13  Marine  
  102  12:14  Marine  
Show
View Real Time Build Order
Export as new Build Order

CholmesInk Zerg - Winner!

Build Orders: Hatch First, Muta Ling Bane 

Get SALT Encoding   

  12  0:00  Drone  
  13  0:12  Overlord  
  13  0:17  Drone  
  14  0:30  Drone x2  
  16  0:39  Drone  
  17  0:55  Drone  
  18  0:59  Extractor  
  18  1:00  Hatchery  
  18  1:01  Drone  
  17  1:17  Spawning Pool, Drone  
  17  1:23  Drone  
  18  1:43  Overlord, Drone  
  19  1:51  Drone  
  20  2:05  Queen  
  20  2:06  Metabolic Boost  
  22  2:10  Zergling x2  
  22  2:12  Zergling x2  
  22  2:14  Drone  
  25  2:23  Drone x2  
  27  2:33  Drone  
  28  2:39  Queen, Drone  
  28  2:41  Queen  
  33  2:46  Overlord  
  33  2:49  Spore Crawler  
  32  2:54  Spore Crawler  
  33  3:01  Drone x3  
  36  3:06  Baneling Nest  
  36  3:09  Drone x2  
  37  3:16  Overlord  
  37  3:21  Queen  
  39  3:35  Hatchery  
  39  3:36  Drone x5  
  41  4:06  Overlord  
  41  4:08  Overlord  
  41  4:11  Drone  
  41  4:12  Drone x4  
  41  4:15  Extractor  
  41  4:16  Lair  
  45  4:18  Hatchery  
  44  4:29  Drone  
  44  4:30  Drone x6  
  51  4:42  Evolution Chamber x2  
  51  4:44  Extractor  
  51  4:45  Extractor  
  47  4:48  Zergling x2  
  47  4:49  Zergling x6  
  47  4:50  Drone x3  
  47  4:51  Drone  
  55  4:55  Queen  
  57  5:11  Drone  
  57  5:12  Drone x7  
  65  5:18  Spire  
  64  5:25  Spore Crawler  
  64  5:27  Spore Crawler  
  62  5:49  Drone x8  
  72  5:51  Overlord x2  
  72  5:52  Overlord x3  
  72  6:08  Centrifical Hooks  
  72  6:09  Zerg Melee Weapons Level 1  
  72  6:11  Overlord x2, Zerg Ground Armor Level 1  
  72  6:12  Baneling  
  72  6:13  Zergling x2, Baneling x5  
  72  6:14  Zergling x12  
  79  6:33  Drone x2  
  79  6:34  Drone x5  
  79  6:36  Extractor, Baneling x2  
  79  6:37  Extractor, Baneling x3  
  84  6:40  Overlord x3  
  84  6:42  Zerg Flyer Weapons Level 1  
  84  6:44  Infestation Pit, Zergling x6  
  84  6:45  Zergling x2  
  87  6:55  Pneumatized Carapace, Hatchery  
  86  7:01  Drone x2  
  86  7:02  Drone  
  89  7:12  Zergling x16  
  89  7:13  Zergling x6  
  89  7:14  Overlord  
  100  7:24  Overseer  
  100  7:26  Overseer  
  100  7:27  Overlord x2  
  100  7:32  Mutalisk x4  
  108  7:46  Spine Crawler x3  
  108  7:47  Spore Crawler  
  108  7:49  Mutalisk x3  
  108  8:08  Mutalisk x4  
  116  8:19  Drone  
  117  8:20  Drone x10  
  125  8:33  Mutalisk  
  125  8:34  Mutalisk x3  
  125  8:36  Zergling x14  
  125  8:39  Baneling x5  
  140  8:43  Overseer  
  140  8:47  Overseer  
  140  8:49  Hive  
  121  9:26  Zergling x8  
  121  9:27  Zergling x48  
  133  9:38  Drone  
  133  9:40  Extractor  
  133  9:41  Extractor  
  131  9:46  Zerg Flyer Weapons Level 2, Baneling x14  
  131  9:49  Zerg Melee Weapons Level 2  
  131  9:50  Zerg Ground Armor Level 2  
  128  9:53  Drone x3  
  128  9:55  Baneling x4  
  128  9:56  Baneling x2  
  131  10:06  Zergling x30  
  146  10:14  Spine Crawler  
  145  10:15  Spine Crawler  
  145  10:16  Mutalisk x4  
  152  10:23  Adrenal Glands  
  152  10:35  Zergling x2  
  152  10:36  Zergling x30  
  164  11:05  Mutalisk  
  164  11:06  Mutalisk x2  
  164  11:08  Overlord x4  
  170  11:14  Baneling  
  170  11:15  Baneling x9  
  170  11:18  Spine Crawler  
  170  11:19  Spine Crawler  
Tags
 
Add a new tag
Caveats
  • Supply blocks, unpowered buildings, or Contaminate may cause inaccurate times.
  • Supply counts are checked every 10 seconds.